 Dungeon Crawl Stone Soup version 0.28-a0-1518-gbe868bca14 (webtiles) character file.

Game seed: 16323415277967437145

42 hashsling the Magician (level 3, -2/19 HPs)
             Began as a Deep Elf Hedge Wizard on Jan 16, 2022.
             Killed from afar by Natasha (3 damage)
             ... with a puff of flame
             ... on level 2 of the Dungeon.
             The game lasted 00:03:35 (1390 turns).

hashsling the Magician (Deep Elf Hedge Wizard)      Turns: 1390, Time: 00:03:36

Health: -2/19      AC:  3    Str:  7    XL:     3   Next: 33%
Magic:  5/12       EV: 12    Int: 20    God:
Gold:   69         SH:  0    Dex: 14    Spells: 9/14 levels left

rFire   . . .      SeeInvis .   d - +0 quarterstaff (spect)
rCold   . . .      Faith    .   (shield currently unavailable)
rNeg    . . .      Spirit   .   b - +0 robe
rPois   .          Reflect  .   c - +0 hat
rElec   .          Harm     .   (no cloak)
rCorr   .          Rampage  .   (no gloves)
Will    .....                   e - +0 pair of boots
Stlth   ++........              (no amulet)
HPRegen 0.06/turn               (no ring)
MPRegen 0.13/turn               (no ring)

@: on blink cooldown
A: no striking features
a: no special abilities


You were on level 2 of the Dungeon.
You visited 1 branch of the dungeon, and saw 2 of its levels.

You collected 69 gold pieces.

Inventory:

Hand Weapons
 a - a +0 dagger
 d - a +0 spectral quarterstaff (weapon)
 f - a +0 dagger of protection
Armour
 b - a +0 robe (worn)
 c - a +0 hat (worn)
 e - a +0 pair of boots (worn)
Scrolls
 g - 2 scrolls of identify {unknown}


   Skills:
 - Level 2.4 Dodging
 - Level 2.4 Stealth
 * Level 6.2 Spellcasting
 - Level 1.1 Conjurations
 - Level 1.1 Summonings
 - Level 1.1 Translocations


You had 9 spell levels left.
You knew the following spells:

 Your Spells              Type           Power      Damage    Failure   Level
a - Magic Dart            Conj           40%        1d5       7%          1
b - Blink                 Tloc           20%        N/A       10%         2
c - Call Imp              Summ           10%        N/A       10%         2

Your spell library contained the following spells:

 Spells                   Type           Power      Damage    Failure   Level
 Slow                     Hex            24%        N/A       11%         1
 Conjure Flame            Conj/Fire      8%         6-21      24%         3
 Mephitic Cloud           Conj/Pois/Air  7%         N/A       26%         3


Dungeon Overview and Level Annotations

Branches:
Dungeon (2/15)

Altars:

Annotations:
D:2 Natasha


Message History

A hobgoblin comes into view.
Found an escape hatch in the floor.
Natasha and a bat come into view.
Natasha is carrying a wand of flame (7).
Found a helmet.
Natasha zaps a wand.
The puff of flame misses you.
Casting: Magic Dart (safe; 7% risk of failure)
Confirm with . or Enter, or press ? or * to list all spells.
You blink.
Casting: Blink (safe; 10% risk of failure)
Confirm with . or Enter, or press ? or * to list all spells.
A beastly little devil appears in a puff of frigid air.
Natasha casts a spell at you. The magic dart hits your white imp.
What are your orders? t - Shout!
Orders for allies: a - Attack new target. p - Attack previous target. r - Retreat! s - Stop attacking. g - Guard the area. f - Follow me.
Anything else - Cancel.
Gang up on whom?
Press: ? - help, Dir - move target, f - Natasha, p - worm
Aim: Natasha, carrying a wand of flame (6) (ally target) Attack!
Unknown command.
Natasha claws your white imp.
Your white imp hits Natasha but does no damage.
Natasha casts a spell.
Your white imp barely misses Natasha.
You feel stable enough to blink again.
Natasha zaps a wand.
The puff of flame hits you.
Your white imp gestures at Natasha.
The puff of frost misses Natasha.
Natasha zaps a wand.
The puff of flame hits you!
* * * LOW HITPOINT WARNING * * *
Your white imp closely misses Natasha.
The crimson imp blinks!
Your white imp barely misses Natasha.
Casting: Call Imp (safe; 10% risk of failure)
Confirm with . or Enter, or press ? or * to list all spells.
You blink.
Natasha zaps a wand.
The puff of flame hits you.
You die...

#. .. ... ...
#####'#####...
.............
#...........
#...........
#........#'#
#[..@........b#
#ยง..h..>......#
#........5....#
#...5.........#
#..gw.........#
#.............#
#.............#
#.............#
#........############


You could see a worm, Natasha (ally target), a crimson imp (summoned), a
hobgoblin and a friendly white imp (summoned).

Vanquished Creatures
  A worm (D:2)
  3 endoplasms
  A giant cockroach (D:1)
  3 quokkas (D:1)
  2 ball pythons
  A bat (D:2)
  2 frilled lizards
  2 goblins
  3 kobolds
  2 rats
20 creatures vanquished.

Vanquished Creatures (collateral kills)
  2 adders (D:2)
2 creatures vanquished.

Grand Total: 22 creatures vanquished

Notes
Turn   | Place    | Note
-------+----------+-------------------------------------------
     0 | D:1      | hashsling the Deep Elf Hedge Wizard began the quest for the
                  | Orb.
     0 | D:1      | Reached XP level 1. HP: 10/10 MP: 7/7
   288 | D:1      | Reached skill level 5 in Spellcasting
   332 | D:1      | Reached XP level 2. HP: 15/15 MP: 5/10
   335 | D:1      | Learned a level 2 spell: Blink
   338 | D:1      | Learned a level 2 spell: Call Imp
  1025 | D:2      | Reached skill level 6 in Spellcasting
  1025 | D:2      | Reached XP level 3. HP: 7/19 MP: 2/12
  1381 | D:2      | Noticed Natasha
  1390 | D:2      | Killed from afar by Natasha

Illustrated notes

Levels and vault maps discovered:
D:1:      dpeg_arrival_round_c, layout_rooms, fountainhead
D:2:      minmay_diamond_boxcup, layout_basic, nicolae_ecumenical_pavilion,
          uniq_sigmund, uniq_natasha

Skill      XL: |  1  2 |
---------------+-------+-----
Spellcasting   | 5 6 |  6.2
Dodging        | |  2.4
Stealth        | |  2.4
Conjurations   | |  1.1
Summonings     | |  1.1
Translocations | |  1.1

Action                   || total
-------------------------++-------
Melee: Quarterstaff      ||     3
 Cast: Magic Dart        ||    61
       Call Imp          ||     4
       Blink             ||     3
Armor: Robe              ||     2
Dodge: Dodged            ||     7

Table legend: (Time is in decaauts)
 A = Elapsed time spent in this place.
 B = Non-inter-level travel time spent in this place.
 C = Inter-level travel time spent in this place.
 D = Time resting spent in this place.
 E = Time spent auto-exploring this place.
 F = Levels seen in this place.
 G = Mean time per level.
                   A        B        C        D        E       F      G
               +--------+--------+--------+--------+--------+-----+--------+
         Total |   1390 |   1377 |     13 |      0 |   1179 |   2 |  695.0 |
       Dungeon |   1390 |   1377 |     13 |      0 |   1179 |   2 |  695.0 |
               +--------+--------+--------+--------+--------+-----+--------+

Top non-repeatable levels by time:
     D:1: 845 daAuts
     D:2: 545 daAuts
